Map: Crête de Lerilak

Players

Mattmatt - Winner!

  • Race: Protoss Protoss
  • League: Diamond

CheesusChrst

  • Race: Zerg Zerg
  • League: Platinum

VOD

Have the link to the VOD?

Description

Ultimate Mutalisk annihilation

Time

  • Played on: Jan. 17, 2016, 2:06 p.m.
  • Length: 18:55
Show
View Real Time Build Order
Export as new Build Order

Mattmatt Protoss - Winner!

Build Orders: 1 Gate Expand 

Get SALT Encoding   

  12  0:00  Probe (Chrono Boost)  
  13  0:11  Probe (Chrono Boost)  
  14  0:17  Pylon  
  14  0:22  Probe (Chrono Boost)  
  15  0:36  Probe (Chrono Boost)  
  15  0:39  Gateway  
  16  0:45  Assimilator  
  16  0:46  Probe (Chrono Boost)  
  18  0:57  Probe (Chrono Boost)  
  18  1:07  Probe (Chrono Boost)  
  19  1:18  Probe (Chrono Boost)  
  20  1:24  Nexus  
  20  1:28  Probe (Chrono Boost)  
  21  1:37  Cybernetics Core  
  21  1:41  Probe (Chrono Boost)  
  21  1:45  Assimilator  
  22  1:51  Probe (Chrono Boost)  
  23  1:56  Pylon  
  23  2:14  Adept, Warp Gate  
  25  2:16  Mothership Core (Chrono Boost)  
  26  2:32  Gateway  
  26  2:35  Probe (Chrono Boost)  
  26  2:36  Probe (Chrono Boost)  
  28  2:41  Adept  
  30  2:46  Probe (Chrono Boost)  
  30  2:50  Pylon  
  31  2:52  Probe (Chrono Boost)  
  31  2:56  Probe (Chrono Boost)  
  33  3:03  Probe (Chrono Boost)  
  34  3:06  Twilight Council  
  34  3:08  Probe (Chrono Boost)  
  35  3:14  Adept  
  35  3:16  Probe (Chrono Boost)  
  34  3:25  Pylon  
  32  3:39  Gateway  
  31  3:41  Probe x2 (Chrono Boost)  
  33  3:52  Gateway  
  33  3:53  Probe (Chrono Boost)  
  33  3:54  Probe (Chrono Boost)  
  35  4:05  Probe x2 (Chrono Boost), Pylon  
  35  4:09  Resonating Glaives  
  37  4:15  Probe (Chrono Boost)  
  38  4:17  Probe (Chrono Boost)  
  39  4:26  Probe (Chrono Boost)  
  39  4:27  Gateway  
  39  4:28  Probe (Chrono Boost)  
  41  4:35  Adept  
  41  4:37  Probe (Chrono Boost)  
  45  4:38  Probe (Chrono Boost)  
  45  4:47  Probe (Chrono Boost)  
  45  4:50  Probe (Chrono Boost)  
  47  4:57  Assimilator  
  47  4:58  Probe (Chrono Boost)  
  47  4:59  Assimilator  
  48  5:04  Probe (Chrono Boost)  
  49  5:08  Probe (Chrono Boost)  
  49  5:12  Robotics Facility  
  49  5:13  Pylon  
  50  5:17  Robotics Facility  
  50  5:23  Probe x2 (Chrono Boost)  
  50  5:27  Adept x4  
  60  5:34  Pylon  
  60  5:39  Probe x2 (Chrono Boost)  
  62  5:49  Probe x2 (Chrono Boost)  
  63  6:00  Probe (Chrono Boost)  
  60  6:05  Nexus  
  59  6:13  Adept x4  
  67  6:23  Pylon  
  67  6:24  Pylon  
  67  6:27  Probe x2 (Chrono Boost)  
  69  6:36  Immortal  
  73  6:48  Pylon  
  73  6:52  Adept  
  75  6:56  Immortal  
  79  7:05  Stalker x3  
  79  7:06  Stalker  
  87  7:15  Stalker  
  79  7:32  Stalker x3  
  79  7:33  Stalker  
  86  7:38  Blink (Chrono Boost)  
  86  7:43  Stalker  
  88  7:50  Observer, Warp Prism  
  91  7:56  Stalker x3  
  97  8:04  Probe x2 (Chrono Boost)  
  97  8:05  Probe (Chrono Boost)  
  99  8:11  Stalker  
  99  8:12  Stalker  
  104  8:15  Probe  
  105  8:21  Immortal  
  105  8:26  Stalker  
  105  9:07  Pylon  
  105  9:09  Pylon  
  103  9:10  Pylon  
  103  9:18  Pylon  
  103  9:20  Pylon  
  103  9:23  Templar Archives  
  103  9:24  Probe x2  
  103  9:26  Mothership Core  
  103  9:27  Pylon  
  103  9:28  Pylon  
  103  9:30  Pylon x3  
  107  9:32  Pylon  
  107  10:13  High Templar x3  
  107  10:14  High Templar  
  105  10:21  Gateway  
  105  10:22  Gateway  
  105  10:26  Archon  
  105  10:27  Stalker, Archon  
  83  10:49  High Templar x4  
  91  10:51  Stalker  
  91  10:53  Archon x2  
  75  11:17  High Templar  
  64  11:25  High Templar x2  
  64  11:26  High Templar x2  
  64  11:28  High Templar  
  64  11:29  Stalker  
  64  11:30  Archon x2  
  64  11:32  Archon  
  76  11:38  Probe x2, Forge  
  76  11:39  Probe  
  79  11:48  Probe  
  79  11:51  Probe  
  79  11:52  High Templar x2  
  85  11:56  Archon  
  73  12:17  Photon Cannon  
  73  12:18  Photon Cannon  
  73  12:20  Photon Cannon  
  73  12:22  Photon Cannon x2  
  73  12:24  Photon Cannon  
  73  12:28  Photon Cannon  
  73  12:29  Photon Cannon  
  72  12:30  Photon Cannon  
  72  12:32  Photon Cannon  
  72  12:34  Photon Cannon  
  72  12:35  Photon Cannon  
  69  12:41  High Templar x2  
  69  12:42  High Templar x2  
  76  12:44  Stalker  
  76  12:45  Archon  
  76  12:46  Archon  
  62  13:06  Zealot x2  
  56  13:31  High Templar x2  
  56  13:38  Archon  
  51  14:22  Nexus  
  51  14:27  Photon Cannon  
  51  14:30  Photon Cannon  
  51  17:54  Pylon  
  51  18:03  Pylon  
  49  18:38  Probe  
Show
View Real Time Build Order
Export as new Build Order

CheesusChrst Zerg 

Build Orders: Pool First 

Get SALT Encoding   

  12  0:01  Drone  
  13  0:12  Overlord  
  13  0:17  Drone  
  14  0:25  Extractor  
  14  0:28  Drone  
  14  0:41  Spawning Pool  
  13  0:45  Drone  
  14  0:50  Drone  
  14  0:55  Drone  
  16  1:01  Drone  
  17  1:08  Drone  
  18  1:18  Drone  
  19  1:30  Queen  
  19  1:32  Metabolic Boost  
  21  1:53  Hatchery  
  20  1:56  Zergling x2  
  21  2:01  Overlord  
  21  2:11  Overlord  
  21  2:15  Zergling x2  
  22  2:26  Zergling x2  
  23  2:32  Zergling x2  
  24  2:40  Zergling x2  
  24  2:42  Zergling x2  
  24  2:43  Zergling x4  
  28  2:53  Zergling x2  
  29  3:05  Queen  
  31  3:11  Drone x2  
  33  3:14  Hatchery  
  26  3:34  Drone x5  
  26  3:38  Drone  
  32  3:46  Lair  
  32  3:55  Zergling x6  
  35  3:59  Drone  
  36  4:03  Drone  
  37  4:22  Evolution Chamber  
  37  4:23  Drone x8  
  44  4:28  Extractor  
  44  4:29  Extractor  
  42  4:34  Queen  
  44  4:45  Drone x3  
  44  4:46  Drone x3  
  48  4:53  Zergling x2  
  48  4:54  Overlord x2  
  48  4:56  Overlord  
  49  5:06  Spire  
  48  5:08  Extractor  
  48  5:13  Drone x6  
  53  5:29  Drone x2  
  53  5:30  Drone x3  
  57  5:59  Zergling x2  
  57  6:00  Zergling x18  
  66  6:14  Overlord x2  
  66  6:15  Overlord  
  63  6:20  Mutalisk x4  
  71  6:30  Mutalisk  
  71  6:32  Evolution Chamber, Overlord  
  72  6:33  Overlord  
  72  6:34  Mutalisk  
  74  6:44  Mutalisk x2  
  78  6:57  Mutalisk  
  79  7:03  Mutalisk  
  79  7:06  Drone x9  
  84  7:17  Mutalisk x2  
  83  7:26  Mutalisk  
  83  7:38  Zergling x4  
  83  7:39  Zergling x14  
  92  7:46  Drone x7  
  92  7:49  Extractor  
  92  7:50  Zerg Melee Weapons Level 1  
  92  7:51  Zerg Ground Armor Level 1  
  98  7:52  Extractor  
  97  8:01  Zergling x2  
  97  8:02  Zergling x6  
  101  8:09  Hatchery  
  101  8:10  Drone x3, Extractor  
  102  8:23  Mutalisk x4  
  103  8:52  Overlord  
  103  8:53  Overlord  
  99  9:00  Mutalisk x6  
  107  9:05  Overlord x5  
  107  9:10  Zerg Flyer Weapons Level 1  
  107  9:19  Zergling x4  
  107  9:20  Zergling x18  
  118  9:24  Infestation Pit  
  118  9:28  Overseer x2  
  118  9:30  Extractor  
  118  9:31  Drone x8  
  124  9:32  Queen  
  122  9:40  Zergling x4  
  123  9:49  Zergling x2  
  123  9:50  Zergling x12  
  114  9:59  Mutalisk x6  
  120  10:00  Mutalisk  
  127  10:08  Queen  
  127  10:09  Zergling x2  
  127  10:10  Overlord x2  
  130  10:24  Overlord x5  
  120  10:29  Mutalisk  
  120  10:30  Mutalisk x3  
  120  10:35  Overlord x2  
  114  10:56  Mutalisk x3  
  109  11:23  Mutalisk x4  
  117  11:27  Drone x4  
  121  11:34  Hatchery  
  120  11:42  Roach Warren  
  120  11:45  Zerg Flyer Armor Level 1  
  119  11:57  Mutalisk  
  119  11:58  Mutalisk x2  
  125  12:16  Zergling x12  
  125  12:17  Zergling x16  
  139  12:23  Roach  
  141  12:32  Zergling x6  
  140  12:45  Mutalisk x5  
  145  12:55  Zergling x6  
  104  13:17  Hatchery  
  104  13:18  Extractor  
  104  13:19  Extractor  
  90  13:35  Mutalisk x5  
  90  13:36  Mutalisk  
  100  13:55  Mutalisk  
  100  13:56  Mutalisk  
  96  14:44  Hatchery  
  37  14:54  Mutalisk x6  
  49  15:03  Drone x2  
  49  15:04  Drone  
  52  15:15  Roach  
  52  15:16  Roach  
  56  15:29  Roach x4  
  44  15:52  Drone x3  
  39  16:05  Spawning Pool  
  39  16:07  Roach Warren  
  39  16:10  Mutalisk x2, Spire  
  37  16:45  Drone x3  
  37  16:57  Drone  
  33  17:30  Drone x3  
  33  17:32  Queen  
  38  17:46  Spine Crawler  
  38  17:47  Spine Crawler  
  38  17:49  Spine Crawler  
  38  17:50  Spine Crawler  
  34  17:53  Spine Crawler  
  32  17:58  Mutalisk  
  34  18:31  Roach x2  
Tags
 
Add a new tag
Caveats
  • Supply blocks, unpowered buildings, or Contaminate may cause inaccurate times.
  • Supply counts are checked every 10 seconds.